 Dungeon Crawl Stone Soup version 0.23-a0-373-g305c090 (webtiles) character file.

367 Ijustatesigmund the Conjurer (level 6, 0/45 HPs)
             Began as a Gnoll Conjurer on Oct 25, 2018.
             Killed from afar by nikopol's ghost (13 damage)
             ... with a puff of flame
             ... on level 4 of the Dungeon.
             The game lasted 00:09:31 (4041 turns).

Ijustatesigmund the Conjurer (Gnoll Conjurer)       Turns: 4041, Time: 00:09:34

Health: 0/45       AC:  7    Str: 10    XL:     6   Next: 69%
Magic:  10/14      EV: 13    Int: 19    God:
Gold:   133        SH:  0    Dex: 16    Spells: 12/15 levels left

rFire    . . .     SeeInvis .   e - +3 scimitar (vamp)
rCold    . . .     Gourm    .   (no shield)
rNeg     . . .     Faith    .   a - +0 ring mail
rPois    .         Spirit   .   (no helmet)
rElec    .         Reflect  .   (no cloak)
rCorr    .         Harm     .   (no gloves)
MR       .....                  b - +0 pair of boots
Stlth    +.........             r - amulet of regeneration
HPRegen  0.55/turn              d - +3 ring of slaying
MPRegen  0.14/turn              (no ring)

@: liquid flames, glowing
A: distributed training, fangs 1, rugged brown scales 1, screaming 1, strong
nose
a: no special abilities


You were on level 4 of the Dungeon.
You were not hungry.

You visited 1 branch of the dungeon, and saw 4 of its levels.

You collected 133 gold pieces.

Inventory:

Hand Weapons
 e - a +3 vampiric scimitar (weapon)
 g - a +2 antimagic flail
 j - a +0 blowgun
Missiles
 k - 3 poisoned needles
Armour
 a - a +0 ring mail (worn)
 b - a +0 pair of boots (worn)
Jewellery
 d - a +3 ring of slaying (left hand)
 r - an amulet of regeneration (around neck)
Scrolls
 h - a scroll of blinking
 i - 4 scrolls of amnesia
 n - a scroll of teleportation
Potions
 f - a potion of lignification
 m - a potion of flight
Comestibles
 c - 8 rations


   Skills:
 + Level 2.0 Fighting
 + Level 2.0 Short Blades
 + Level 2.0 Long Blades
 + Level 2.0 Axes
 + Level 2.0 Maces & Flails
 + Level 2.0 Polearms
 + Level 2.0 Staves
 + Level 2.0 Slings
 + Level 2.0 Bows
 + Level 2.0 Crossbows
 + Level 2.0 Throwing
 + Level 2.0 Armour
 + Level 5.0 Dodging
 + Level 4.6 Stealth
 + Level 2.0 Shields
 + Level 2.0 Unarmed Combat
 + Level 5.4 Spellcasting
 + Level 7.3 Conjurations
 + Level 1.6 Hexes
 + Level 1.6 Charms
 + Level 1.6 Summonings
 + Level 1.6 Necromancy
 + Level 1.6 Translocations
 + Level 1.6 Transmutations
 + Level 1.6 Fire Magic
 + Level 1.6 Ice Magic
 + Level 1.6 Air Magic
 + Level 1.6 Earth Magic
 + Level 1.6 Poison Magic
 + Level 2.2 Invocations
 + Level 2.0 Evocations


You had 12 spell levels left.
You knew the following spells:

 Your Spells              Type           Power        Failure   Level  Hunger
a - Magic Dart            Conj           ####         1%          1    None
b - Searing Ray           Conj           ####..       2%          2    None

Your spell library contained the following spells:

 Spells                   Type           Power        Failure   Level  Hunger
 Dazzling Spray           Conj/Hex       ###...       14%         3    ##.....
 Iskenderun's Mystic Bla  Conj           ####....     14%         4    ####...
 Confusing Touch          Hex            ##....       16%         1    None
 Confuse                  Hex            ##......     43%         3    ##.....
 Gell's Gravitas          Tloc           ##........   43%         3    ##.....
 Force Lance              Conj/Tloc      ###.....     43%         4    ####...
 Fulminant Prism          Conj/Hex       ###.......   43%         4    ####...
 Petrify                  Tmut/Erth      ##......     83%         4    ####...
 Metabolic Englaciation   Hex/Ice        ##........   99%         5    #####..
 Yara's Violent Unravell  Hex/Tmut       ##........   99%         5    #####..


Dungeon Overview and Level Annotations

Branches:
Dungeon (4/15)
 Temple: D:4-7

Altars:
Hepliaklqana
Uskayaw
Xom

Annotations:
D:4 nikopol's ghost, novice DEFE


Innate Abilities, Weirdness & Mutations

Your experience applies equally to all skills.
You have very sharp teeth.
Your uncanny sense of smell can sniff out nearby items.
You are partially covered in rugged brown scales. (AC +1, +3% HP)
You occasionally shout uncontrollably at your foes.


Message History

Nikopol's ghost hits you but does no damage.
Your ring mail prevents you from hitting nikopol's ghost.
Nikopol's ghost is heavily damaged.
You are covered in liquid flames!
Nikopol's ghost wails, "There is no future for me!"
Nikopol's ghost points at you and mumbles some strange words.
The puff of flame misses you.
You barely miss nikopol's ghost.
Nikopol's ghost is heavily damaged.
You are covered in liquid flames!
Nikopol's ghost sprays you with burning goo.
The sticky flame hits you!
You are covered in liquid flames!
You closely miss nikopol's ghost.
Nikopol's ghost is heavily damaged.
You are covered in liquid flames!
* * * LOW HITPOINT WARNING * * *
Nikopol's ghost points at you and mumbles some strange words.
The puff of flame hits you!
You die...

#..#.........................##.!
...#........................>....
.#####..)..............##.#..##..
...#...###[#...)#.####.#..#..##..
...#.### #)#....#......#.##..####
##...# #.#....######.#.##..# #
##.## #.#....# #.......# # #.#
#......#### ###.###### # ##.##
###....@†.# #......### ##...#####
#...#W#.# ######.##.
#.#.#.##.###...#≈### #.#.#.
...............#≈####### #.###..
#.#.#.##.......#≈#.....# ## #.#.
##...####......#≈#####.# #.##)
##.## ##.#...#)# #.# ## #. #.#
#.#...#≈# #.# ## #.# #.#...###
#.#


You could see nikopol's ghost.

Vanquished Creatures
  Blork the orc (D:4)
  A scorpion (D:3)
  2 orc priests (D:4)
  2 orc wizards
  A centaur skeleton (D:4)
  A worker ant (D:4)
  2 adders (D:4)
  3 worms
  3 dart slugs
  3 leopard geckos
  10 orcs (D:4)
  A ball python (D:4)
  3 bats
  A giant cockroach (D:3)
  2 goblins
  5 hobgoblins
  5 kobolds
  A quokka (D:3)
  A ball python skeleton (D:4)
  A frilled lizard (D:2)
  4 rats
53 creatures vanquished.

Notes
Turn   | Place    | Note
-------+----------+-------------------------------------------
     0 | D:1      | Ijustatesigmund the Gnoll Conjurer began the quest for the
                  | Orb.
     0 | D:1      | Reached XP level 1. HP: 13/13 MP: 6/6
   779 | D:1      | Reached XP level 2. HP: 9/19 MP: 7/7
  1038 | D:1      | Learned a level 2 spell: Searing Ray
  1842 | D:2      | Noticed an ice beast
  1878 | D:3      | Reached XP level 3. HP: 25/25 MP: 9/9
  1952 | D:3      | Reached skill level 5 in Spellcasting
  2145 | D:3      | Found a shimmering altar of Xom.
  2183 | D:3      | Found a hazy altar of Hepliaklqana.
  2363 | D:3      | Noticed a spectral ugly thing
  2476 | D:3      | Gained mutation: You occasionally shout uncontrollably at
                  | your foes. [potion of mutation]
  2476 | D:3      | Gained mutation: You are partially covered in rugged brown
                  | scales. (AC +1, +3% HP) [potion of mutation]
  2557 | D:3      | Reached skill level 1 in Invocations
  2850 | D:4      | Noticed a scorpion
  2867 | D:3      | Reached skill level 1 in Fighting
  2867 | D:3      | Reached skill level 1 in Short Blades
  2867 | D:3      | Reached skill level 1 in Long Blades
  2867 | D:3      | Reached skill level 1 in Axes
  2867 | D:3      | Reached skill level 1 in Maces & Flails
  2867 | D:3      | Reached skill level 1 in Polearms
  2867 | D:3      | Reached skill level 1 in Staves
  2867 | D:3      | Reached skill level 1 in Slings
  2867 | D:3      | Reached skill level 1 in Bows
  2867 | D:3      | Reached skill level 1 in Crossbows
  2867 | D:3      | Reached skill level 1 in Throwing
  2867 | D:3      | Reached skill level 1 in Armour
  2867 | D:3      | Reached skill level 1 in Shields
  2867 | D:3      | Reached skill level 1 in Unarmed Combat
  2867 | D:3      | Reached skill level 1 in Evocations
  2867 | D:3      | Reached XP level 4. HP: 24/32 MP: 1/11
  2870 | D:3      | Reached skill level 1 in Hexes
  2870 | D:3      | Reached skill level 1 in Charms
  2870 | D:3      | Reached skill level 1 in Summonings
  2870 | D:3      | Reached skill level 1 in Necromancy
  2870 | D:3      | Reached skill level 1 in Translocations
  2870 | D:3      | Reached skill level 1 in Transmutations
  2870 | D:3      | Reached skill level 1 in Fire Magic
  2870 | D:3      | Reached skill level 1 in Ice Magic
  2870 | D:3      | Reached skill level 1 in Air Magic
  2870 | D:3      | Reached skill level 1 in Earth Magic
  2870 | D:3      | Reached skill level 1 in Poison Magic
  2870 | D:3      | Reached XP level 5. HP: 28/38 MP: 0/12
  3228 | D:4      | Noticed Blork the orc
  3255 | D:4      | Killed Blork the orc
  3255 | D:4      | Reached XP level 6. HP: 17/45 MP: 2/13
  3554 | D:4      | Found a runed door.
  3630 | D:4      | Reached skill level 5 in Dodging
  4012 | D:4      | Found a hide-covered altar of Uskayaw.
  4027 | D:4      | Noticed nikopol's ghost (novice DEFE)
  4041 | D:4      | Killed from afar by nikopol's ghost

Vault maps used:
D:1:      dpeg_arrival_tiny_b
D:2:      nicolae_ashenzari_panopticon, minitemple, uniq_jessica
D:3:      regret_index_temple_of_mockery
D:4:      kennysheep_mini_moat, ebering_ghost_sewer_d, uniq_blork_the_orc

Skill      XL: |  1  2  3  4  5  6 |
---------------+-------------------+-----
Spellcasting   | 5 |  5.4
Invocations    | 1 2 |  2.2
Fighting       | 1 2 |  2.0
Short Blades   | 1 2 |  2.0
Long Blades    | 1 2 |  2.0
Axes           | 1 2 |  2.0
Maces & Flails | 1 2 |  2.0
Polearms       | 1 2 |  2.0
Staves         | 1 2 |  2.0
Slings         | 1 2 |  2.0
Bows           | 1 2 |  2.0
Crossbows      | 1 2 |  2.0
Throwing       | 1 2 |  2.0
Armour         | 1 2 |  2.0
Shields        | 1 2 |  2.0
Unarmed Combat | 1 2 |  2.0
Evocations     | 1 2 |  2.0
Hexes          | 1 |  1.6
Charms         | 1 |  1.6
Summonings     | 1 |  1.6
Necromancy     | 1 |  1.6
Translocations | 1 |  1.6
Transmutations | 1 |  1.6
Fire Magic     | 1 |  1.6
Ice Magic      | 1 |  1.6
Air Magic      | 1 |  1.6
Earth Magic    | 1 |  1.6
Poison Magic   | 1 |  1.6
Dodging        | 5 |  5.0
Stealth        | |  4.6
Conjurations   | |  7.3

Action                   |  1- 3 |  4- 6 || total
-------------------------+-------+-------++-------
Melee: Mace              |    10 |    13 ||    23
       Bite              |       |     4 ||     4
       Scimitar          |       |    18 ||    18
       Punch             |       |     1 ||     1
 Cast: Magic Dart        |    67 |    32 ||    99
       Searing Ray       |     1 |     1 ||     2
  Use: Scroll            |     8 |     4 ||    12
       Potion            |     2 |     2 ||     4
 Stab: Sleeping          |     1 |       ||     1
       Invisible         |       |     1 ||     1
  Eat: Chunk             |     5 |     2 ||     7
       Ration            |       |     2 ||     2
Armor: Robe              |     2 |       ||     2
       Skin              |     9 |     4 ||    13
       Ring mail         |     2 |    10 ||    12
Dodge: Dodged            |     8 |    40 ||    48
       Rpst.: Scimitar   |       |     7 ||     7

Table legend:
 A = Non-vault XP
 B = Vault XP
 C = Vault XP percentage of total XP
 D = Non-vault monster count
 E = Vault monster count
 F = Vault count percentage of total count
                 A         B        C        D         E       F
            +---------+---------+-------+---------+---------+-------
      Total |     407 |     118 |  22.5 |      50 |       3 |   5.7
            +---------+---------+-------+---------+---------+-------
        D:1 |      10 |       0 |   0.0 |       4 |       0 |   0.0
        D:2 |      23 |       0 |   0.0 |       9 |       0 |   0.0
        D:3 |     144 |       0 |   0.0 |      19 |       0 |   0.0
        D:4 |     230 |     118 |  33.9 |      18 |       3 |  14.3
            +---------+---------+-------+---------+---------+-------
